 Dungeon Crawl Stone Soup version 0.30-a0-782-ge64f9170bb (console) character file.

Game seed: 3708947105966931820

334771 rlgrobin the Convoker (level 21, -19/149 HPs)
             Began as an Octopode Hedge Wizard on Feb 20, 2023.
             Was an Initiate of Gozag.
             Demolished by Vv (65 damage)
             ... on level 1 of the Crypt.
             The game lasted 02:31:44 (53913 turns).

rlgrobin the Convoker (Octopode Hedge Wizard)      Turns: 53913, Time: 02:31:45

Health: -19/149    AC: 10    Str: 10    XL:     21   Next: 85%
Magic:  35/42      EV: 39    Int: 25    God:    Gozag
Gold:   8261       SH:  8    Dex: 13    Spells: 23/55 levels left

rFire   . . .      SeeInvis +    a - +9 double sword (venom)
rCold   . . .      Faith    .    Y - +3 buckler {AC+3}
rNeg    + + .      Spirit   .    T - +2 hat
rPois   +          Reflect  .    O - amulet of regeneration
rElec   .          Harm     .    I - +5 ring of evasion
rCorr   .          Rampage  .    N - +4 ring of protection
Will    +++..                    z - ring of wizardry
Stlth   ++++                     m - ring "Fialyel" {rPois Will+}
HPRegen 1.24/turn                R - +5 ring of evasion
MPRegen 0.28/turn                o - +5 ring of evasion
                                 V - +5 ring of evasion
                                 p - ring "Kimn" {rN++ Will+ SInv}

@: about to teleport, very slightly contaminated, studying 2 skills
A: almost no armour, amphibious, 8 rings, camouflage 1, gelatinous body 1,
(nimble swimmer 1), tentacles
}: 2/15 runes: barnacled, gossamer
a: Renounce Religion, Potion Petition, Call Merchant, Bribe Branch


You were on level 1 of the Crypt.
You worshipped Gozag.
Gozag was greatly pleased with you.
You visited 8 branches of the dungeon, and saw 37 of its levels.
You visited the Abyss 1 time.
You also visited: Gauntlet and Wizlab.

You collected 16971 gold pieces.
You spent 3470 gold pieces at shops.
You paid 5240 gold pieces to Gozag.

Inventory:

Hand Weapons
 a - a +9 double sword of venom (weapon)
 k - a +1 demon whip of electrocution
Missiles
 w - 6 curare-tipped darts
 A - 6 throwing nets
Armour
 T - a +2 hat (worn)
 Y - a +3 buckler of protection (worn)
Jewellery
 e - a +6 ring of dexterity
 i - a +6 ring of dexterity
 m - the ring "Fialyel" (on tentacle) {rPois Will+}
   (You bought it in a shop on level 12 of the Dungeon)

   [ring of poison resistance]

   rPois:     It protects you from poison.
   Will:      It increases your willpower.
 n - an amulet of reflection
 o - a +5 ring of evasion (on tentacle)
 p - the ring "Kimn" (on tentacle) {rN++ Will+ SInv}
   (You bought it in a shop on level 2 of the Vaults)

   [ring of willpower]

   rN:        It greatly protects you from negative energy.
   SInv:      It lets you see invisible.
   Will:      It increases your willpower.
 z - a ring of wizardry (on tentacle)
 I - a +5 ring of evasion (left tentacle)
 K - an amulet of magic regeneration
 L - a ring of flight
 N - a +4 ring of protection (right tentacle)
 O - an amulet of regeneration (around mantle)
 R - a +5 ring of evasion (on tentacle)
 V - a +5 ring of evasion (on tentacle)
 Z - a ring of protection from cold
Wands
 f - a wand of charming (24)
 j - a wand of mindburst (36)
 B - a wand of flame (60)
 D - a wand of polymorph (8)
 F - a wand of roots (25)
 G - a wand of digging (6)
 U - a wand of quicksilver (19)
Scrolls
 b - 2 scrolls of butterflies
 g - 6 scrolls of teleportation
 l - 4 scrolls of magic mapping
 t - 4 scrolls of fog
 x - 26 scrolls of identify
 y - 2 scrolls of fear
 J - 3 scrolls of vulnerability
 P - 4 scrolls of amnesia
 X - 5 scrolls of blinking
Potions
 c - 5 potions of magic
 d - 3 potions of might
 h - 4 potions of flight
 q - 9 potions of lignification
 r - 12 potions of brilliance
 u - 16 potions of curing
 v - 5 potions of ambrosia
 E - 4 potions of resistance
 S - 7 potions of heal wounds
 W - 6 potions of haste
Miscellaneous
 s - a phantom mirror
 H - a lightning rod (4/4)
 M - a box of beasts


   Skills:
 - Level 14.5 Fighting
 - Level 12.0 Long Blades
 - Level 5.1 Maces & Flails
 - Level 13.7 Dodging
 - Level 6.9 Stealth
 - Level 3.7 Shields
 - Level 17.6 Spellcasting
 - Level 9.2 Conjurations
 + Level 17.8 Summonings
 + Level 13.0 Necromancy
 - Level 4.1 Translocations
 - Level 5.8 Air Magic
 - Level 6.3 Evocations


You had 23 spell levels left.
You knew the following spells:

 Your Spells              Type           Power      Damage    Failure   Level
a - Freezing Cloud        Conj/Ice/Air   23%        6-21      4%          5
b - Summon Hydra          Summ           42%        N/A       1%          7
c - Mephitic Cloud        Conj/Pois/Air  47%        N/A       1%          3
d - Blink                 Tloc           84%        N/A       1%          2
e - Call Imp              Summ           84%        N/A       0%          2
f - Summon Horrible Thin  Summ           42%        N/A       5%          8
g - Magic Dart            Conj           100%       1d8       1%          1
h - Dispel Undead         Necr           72%        3d24      1%          4

Your spell library contained the following spells:

 Spells                   Type           Power      Damage    Failure   Level
 Sublimation of Blood     Necr           72%        N/A       0%          2
 Call Canine Familiar     Summ           84%        N/A       0%          3
 Beastly Appendage        Tmut           44%        N/A       1%          1
 Foxfire                  Conj/Fire      100%       2x1d9     1%          1
 Kiss of Death            Conj/Necr      100%       2d13      1%          1
 Shock                    Conj/Air       100%       1d9       1%          1
 Slow                     Hex            88%        N/A       1%          1
 Cigotuvi's Dreadful Rot  Necr/Pois/Air  100%       N/A       1%          2
 Lesser Beckoning         Tloc           84%        N/A       1%          2
 Poisonous Vapours        Pois/Air       72%        N/A       1%          2
 Wereblood                Tmut           22%        N/A       1%          2
 Gell's Gravitas          Tloc           42%        N/A       1%          3
 Portal Projectile        Hex/Tloc       64%        N/A       1%          3
 Swiftness                Air            50%        N/A       1%          3
 Teleport Other           Tloc           42%        N/A       1%          3
 Airstrike                Air            25%        2d(4-20)  1%          4
 Anguish                  Hex/Necr       26%        N/A       1%          4
 Flame Wave               Conj/Fire      45%        2d12      1%          4
 Sticky Flame             Conj/Fire      45%        2d6       1%          4
 Summon Ice Beast         Ice/Summ       61%        N/A       1%          4
 Summon Lightning Spire   Summ/Air       69%        N/A       1%          4
 Lightning Bolt           Conj/Air       28%        1d44      1%          5
 Death Channel            Necr           36%        N/A       1%          6
 Passage of Golubria      Tloc           42%        N/A       2%          4
 Borgnjor's Vile Clutch   Necr/Erth      26%        N/A       2%          5
 Confusing Touch          Hex            22%        N/A       3%          3
 Inner Flame              Hex/Fire       22%        N/A       3%          3
 Spider Form              Tmut/Pois      22%        N/A       3%          3
 Tukima's Dance           Hex            22%        N/A       3%          3
 Silence                  Hex/Air        18%        N/A       11%         5
 Leda's Liquefaction      Hex/Erth       11%        N/A       12%         4
 Olgreb's Toxic Radiance  Pois           22%        N/A       12%         4
 Petrify                  Tmut/Erth      22%        N/A       12%         4
 Blade Hands              Tmut           11%        N/A       32%         5
 Metabolic Englaciation   Hex/Ice        11%        N/A       32%         5
 Yara's Violent Unravell  Hex/Tmut       11%        3d6       32%         5
 Borgnjor's Revivificati  Necr           36%        N/A       34%         8
 Statue Form              Tmut/Erth      14%        N/A       86%         6
 Necromutation            Tmut/Necr      26%        N/A       99%         8
 Death's Door             Necr           36%        N/A       99%         9
 Enfeeble                 Hex            11%        N/A       100%        7
 Ozocubu's Refrigeration  Ice            11%        4d9       100%        7
 Ignition                 Fire           11%        3d5       100%        8
 Lehudib's Crystal Spear  Conj/Erth      22%        10d6      100%        8
 Animate Dead             Necr           Unusable   N/A       N/A         4

Dungeon Overview and Level Annotations

Branches:
Dungeon (15/15)            Temple (1/1) D:5            Lair (5/5) D:10
 Shoals (4/4) Lair:2       Spider (4/4) Lair:3        Slime (0/5) Lair:4
    Orc (2/2) D:12            Elf (0/3) Orc:2        Vaults (4/5) D:13
  Crypt (2/3) Vaults:2     Depths (0/4) D:15         WizLab (visited)
Gauntlet (visited)

Altars:
Ashenzari
Cheibriados
Dithmenos
Elyvilon
Fedhas
Gozag
Hepliaklqana
Kikubaaqudgha
Makhleb
Nemelex Xobeh
Okawaru
Qazlal
Ru
Sif Muna
Trog
Uskayaw
Vehumet
Wu Jian
Xom
Yredelemnul
Zin
The Shining One

Shops:
D:1 [   D:9 ?   D:10 =   D:11 !   D:12 =   D:15 (   Orc:2 *?:((   Lair:1 *
Shoals:4 :   Vaults:1 [**   Vaults:2 =   Vaults:4 [

Annotations:
Lair:5 2 transporters, Athor's ghost, journeyman VSEn
Shoals:3 exclusion: kraken
Vaults:4 36 runed doors
Crypt:1 Margery; Vv


Innate Abilities, Weirdness & Mutations

You cannot wear most types of armour.
You are amphibious.
You can wear up to eight rings at the same time.
Your skin changes colour to match your surroundings (Stealth+).
Your rubbery body absorbs attacks. (AC +1, EV +1)
((You are camouflaged when in or above water. (Stealth+)))
You have tentacles for arms and can constrict up to eight enemies at once.


Message History

There is a stone staircase leading down here.
You now have 8227 gold pieces (gained 9).
There is a stone staircase leading down here.
You now have 8233 gold pieces (gained 6).
v - 5 potions of ambrosia (gained 1)
Things that are here:
a +0 chain mail; a +2 broad axe of flaming You now have 8241 gold pieces (gained 8).
You now have 8248 gold pieces (gained 7).
You now have 8255 gold pieces (gained 7).
There is an open door here.
You now have 8261 gold pieces (gained 6).
You see here a +0 rapier.
There is an open door here.
There is a large open door here.
You start waiting.
Vv is nearby!
There is a large open door here.
Casting: Dispel Undead (safe; 1% risk of failure)
Confirm with . or Enter, or press ? or * to list all spells.
You miscast Summon Horrible Things.
You are very lightly contaminated with residual magic.
Distant voices call out in your mind.
A nameless horror comes into view.
Casting: Summon Horrible Things (dangerous; 5% risk of failure)
Confirm with . or Enter, or press ? or * to list all spells.
Okay, then.
As you read the scroll of teleportation, it crumbles to dust.
You feel strangely unstable. Vv completely misses you.
Vv hits you but does no damage.
You completely miss Vv. You grab Vv. You squeeze Vv, but do no damage.
You constrict Vv, but do no damage. Vv hits you!! Vv freezes you!!!
Vv hits you but does no damage.
The nameless horror completely misses you.
You slice the nameless horror!!
You squeeze the nameless horror, but do no damage.
The nameless horror is heavily damaged.
You constrict Vv, but do no damage. Vv hits you!! Vv freezes you!!!
You die...
Your body crumbles into a pile of gold.

#### ##..##
############....#######
...........'...X.'....#
...........'...9@'....#
##[.####...#'##########
##''## #...#)....#
.....# #...'..>..#
.....# ##.$#.[...#
.....# ##..#.....#
.....###...'....##
.....'.....#...##
.....'...####''#


You could see Vv and a nameless horror.

Vanquished Creatures
  Mara (Spider:4)
  A walking frostbound tome (WizLab)
  An ancient champion (Crypt:2)
  2 sphinxes
  2 revenants (Crypt:2)
  A ghost moth (Spider:4)
  4 ironbound preservers
  4 ghouls (Crypt:2)
  6 vault wardens
  A stone giant (D:15)
  3 very ugly things
  A reaper (Crypt:2)
  2 ironbound thunderhulks
  9 dire elephants
  A spark wasp (Spider:4)
  A green death (Gauntlet)
  2 deep elf death magi
  3 jiangshi
  3 entropy weavers
  9 yaktaur captains
  2 great orbs of eyes
  3 rakshasas (WizLab)
  2 vault guards (Vaults:3)
  2 hydras
  2 spriggan skeletons (Crypt:2)
  Erica (D:11)
  3 catoblepae
  An ogre mage (D:15)
  A merfolk avatar (Shoals:2)
  2 death knights
  2 boulder beetles
  18 centaur warriors
  2 ironbound frosthearts
  An alligator (Lair:5)
  2 satyrs (Shoals:3)
  3 two-headed ogres
  3 death yaks (Lair:5)
  5 vampire magi
  A dancing weapon (WizLab)
  3 orc high priests (Orc:2)
  8 nameless horrors
  Sonja (D:10)
  A sun moth (Spider:3)
  A golden dragon zombie (Crypt:2)
  4 sea snakes
  A storm dragon skeleton (Crypt:2)
  A shadow wraith (Crypt:2)
  3 skeletal warriors (Crypt:2)
  9 deep trolls
  3 orb spiders (Spider:4)
  A bog body (Crypt:2)
  5 phantasmal warriors
  3 skysharks (Lair:3)
  7 ironbound convokers
  5 wizards
  2 steelbarb worms (Spider:4)
  2 necromancers
  An orc knight (Vaults:3)
  7 wolf spiders
  18 harpies
  A lindwurm (Vaults:1)
  2 orc sorcerers
  16 ugly things
  2 human zombies (Vaults:2)
  7 manticores
  8 cyclopes
  A moth of wrath (Spider:3)
  3 fauns (Shoals:1)
  2 merfolk sirens
  22 elephants
  5 black mambas
  5 torpor snails
  5 vault sentinels
  A water nymph (Shoals:1)
  5 demonic crawlers
  8 cane toads
  A gargoyle (D:10)
  An unseen horror (D:10)
  A green draconian zombie (Crypt:1)
  3 freezing wraiths
  3 rime drakes
  A sea snake zombie (Crypt:2)
  8 komodo dragons
  34 yaktaurs
  A grey draconian skeleton (Crypt:2)
  5 trolls
  A catoblepas skeleton (Crypt:1)
  11 merfolk
  A meliai (shapeshifter) (D:14)
  A polar bear (Lair:2)
  7 tarantellas
  14 blink frogs
  4 hornets
  3 wind drakes
  Grinder (D:4)
  A meliai (Spider:2)
  4 snapping turtles
  5 dream sheep
  A human simulacrum (Vaults:2)
  10 slime creatures
  15 jumping spiders
  7 flying skulls
  2 shadows
  A water elemental (Shoals:3)
  5 culicivoras (Spider:4)
  A hog (D:15)
  54 yaks
  A wyvern (Lair:2)
  4 wraiths
  The ghost of tilp the Slasher, an amateur MeFi (D:4)
  A hog (shapeshifter) (D:15)
  3 basilisks
  14 humans
  A steam dragon (D:7)
  3 vampire mosquitoes (D:12)
  13 redbacks
  A faun zombie (Crypt:2)
  6 wargs
  A merfolk zombie (Crypt:2)
  5 acid dragons
  16 water moccasins
  12 orc warriors
  3 sky beasts
  3 black bears
  A tengu (shapeshifter) (D:13)
  9 wolves (Lair:3)
  3 ogres
  10 centaurs
  A swamp dragon skeleton (Crypt:2)
  2 phantoms (D:5)
  6 kobold brigands
  12 bullfrogs
  5 necrophages
  A naga simulacrum (Crypt:2)
  4 scorpions
  11 wights
  A yaktaur skeleton (Crypt:2)
  A swamp dragon simulacrum (Crypt:2)
  11 killer bees
  A howler monkey (D:4)
  4 centaur zombies (D:7)
  2 gnoll boudas
  6 hounds
  5 jellies
  14 orc priests
  7 hell rats
  3 iguanas
  19 orc wizards
  A killer bee zombie (D:7)
  Robin (D:2)
  9 gnolls
  6 river rats (Lair:5)
  14 adders
  2 shadow imps
  3 white imps
  An iguana zombie (Crypt:2)
  A worm (D:4)
  A dart slug (D:2)
  51 orcs
  11 ball pythons
  4 bats
  6 endoplasms
  6 giant cockroaches
  11 goblins
  4 hobgoblins
  2 jackals (D:2)
  17 kobolds
  4 quokkas
  6 frilled lizards
  12 rats
899 creatures vanquished.

Vanquished Creatures (collateral kills)
  Saint Roka (Vaults:3)
  Arachne (Spider:4)
  A walking earthen tome (WizLab)
  A walking crystal tome (WizLab)
  A walking divine tome (WizLab)
  A kraken (Shoals:4)
  Kirke (D:15)
  2 sphinxes
  Frances (Shoals:1)
  A frost giant (Shoals:4)
  3 emperor scorpions
  Louise (Spider:4)
  7 vault wardens
  A ghost moth (Spider:4)
  Aizul (Vaults:3)
  2 orc warlords
  7 ironbound preservers
  A stone giant (Vaults:4)
  2 very ugly things (Vaults:1)
  2 broodmothers
  4 ironbound thunderhulks
  8 dire elephants
  A spark wasp (Spider:4)
  9 merfolk impalers
  A deep elf death mage (Crypt:2)
  3 entropy weavers
  5 merfolk javelineers
  Josephine (D:13)
  3 great orbs of eyes
  3 yaktaur captains (Vaults:4)
  4 rakshasas (WizLab)
  6 vault guards
  2 ironbound frosthearts
  A radroach (Spider:2)
  2 jorogumos (Spider:4)
  7 merfolk aquamancers
  2 two-headed ogres
  A death knight (Vaults:2)
  2 merfolk avatars
  A catoblepas (Lair:5)
  A boulder beetle (D:12)
  3 centaur warriors
  2 satyrs
  A tengu warrior (D:11)
  Urug (Orc:2)
  4 death yaks (Lair:5)
  An orc high priest (Orc:2)
  2 dancing weapons (WizLab)
  A hell knight (Vaults:4)
  9 sea snakes
  A sun moth (Spider:4)
  4 pharaoh ants
  19 deep trolls
  A skyshark (Shoals:2)
  20 harpies
  7 orb spiders
  4 lindwurms
  2 wizards
  6 ironbound convokers
  A phantasmal warrior (Crypt:1)
  7 steelbarb worms
  3 orc knights
  A necromancer (Vaults:2)
  13 wolf spiders
  An iron dragon zombie (Vaults:2)
  12 manticores
  8 fauns
  2 cyclopes
  2 moths of wrath (Spider:4)
  20 ugly things
  19 demonic crawlers
  6 vault sentinels
  7 merfolk sirens
  6 water nymphs
  2 torpor snails (Spider:3)
  2 cane toads
  3 gargoyles
  An efreet (D:15)
  A komodo dragon (Lair:2)
  A nameless horror (Lair:5)
  29 yaktaurs
  A human skeleton (Vaults:2)
  2 trolls
  3 meliai
  24 merfolk
  14 tarantellas
  A hornet (Vaults:3)
  8 dream sheep
  5 wind drakes
  Prince Ribbit (D:5)
  6 snapping turtles
  16 jumping spiders
  3 wraiths (D:13)
  21 slime creatures
  11 water elementals
  11 yaks
  13 culicivoras
  2 humans (D:13)
  2 hogs (D:15)
  24 redbacks
  2 wargs (Vaults:3)
  An acid dragon (D:14)
  3 ogres
  11 orc warriors
  A black bear (D:6)
  2 kobold brigands
  A bullfrog (D:7)
  A wyvern zombie (D:7)
  A scorpion (D:6)
  2 killer bees
  12 orc priests
  A hound (D:5)
  3 jellies (D:5)
  4 orc wizards (Orc:2)
  3 adders
  An ufetubus (D:7)
  14 orcs
  3 endoplasms (D:5)
  A hobgoblin (D:2)
  3 kobolds
  A rat (Lair:5)
  3 tentacles (Shoals:4)
582 creatures vanquished.

Vanquished Creatures (others)
  A tentacled starspawn (Abyss:2)
  A ghost moth (Spider:4)
  55 fungi
  177 plants
  2 starspawn tentacles (Abyss:2)
  24 tentacles (Shoals:4)
  16 toadstools
  A withered plant (D:7)
277 creatures vanquished.

Grand Total: 1758 creatures vanquished

Notes
Turn   | Place    | Note
-------+----------+-------------------------------------------
     0 | D:1      | rlgrobin the Octopode Hedge Wizard began the quest for the
                  | Orb.
     0 | D:1      | Reached XP level 1. HP: 11/11 MP: 4/4
   215 | D:1      | Reached XP level 2. HP: 15/17 MP: 1/6
   454 | D:1      | Found Ricylyst's Armour Shoppe.
   615 | D:1      | Reached XP level 3. HP: 16/21 MP: 7/7
   624 | D:1      | Learned a level 2 spell: Call Imp
   844 | D:2      | Found an ornate altar of the Wu Jian Council.
  1077 | D:2      | Noticed a scorpion
  1219 | D:2      | Noticed Robin
  1496 | D:2      | Killed Robin
  1497 | D:2      | Reached XP level 4. HP: 27/27 MP: 0/9
  2437 | D:3      | Found a sparkling altar of Nemelex Xobeh.
  2619 | D:3      | Found a snail-covered altar of Cheibriados.
  2697 | D:4      | Reached XP level 5. HP: 31/31 MP: 7/11
  3078 | D:4      | Learned a level 2 spell: Blink
  3082 | D:4      | Learned a level 3 spell: Mephitic Cloud
  3109 | D:4      | Noticed a sky beast
  3160 | D:4      | Killed a sky beast
  3161 | D:4      | Reached XP level 6. HP: 12/36 MP: 2/13
  3313 | D:4      | Reached skill level 5 in Spellcasting
  3391 | D:4      | Noticed Grinder
  4021 | D:5      | Entered Level 5 of the Dungeon
  4196 | D:5      | Found an ornate altar of the Wu Jian Council.
  4227 | D:5      | Reached XP level 7. HP: 41/41 MP: 10/15
  4405 | D:5      | Found a staircase to the Ecumenical Temple.
  4413 | Temple   | Entered the Ecumenical Temple
  4627 | Temple   | Became a worshipper of Gozag Ym Sagoz the Greedy
  4902 | D:5      | Found Jeel's Antique Weapon Shoppe.
  5078 | D:5      | Reached XP level 8. HP: 40/46 MP: 15/17
  5366 | D:5      | Noticed a slime creature
  5802 | D:5      | Noticed Prince Ribbit
  5818 | D:5      | Killed Prince Ribbit
  6185 | D:6      | Reached skill level 5 in Summonings
  6318 | D:6      | Found a broken altar of Ashenzari.
  6326 | D:6      | Reached skill level 5 in Dodging
  6518 | D:6      | Reached XP level 9. HP: 50/51 MP: 6/20
  6846 | D:6      | Reached skill level 1 in Evocations
  7068 | D:6      | Reached skill level 1 in Fighting
  8879 | D:7      | Reached skill level 1 in Maces & Flails
  9119 | D:8      | Found a shimmering altar of Xom.
  9148 | D:8      | Found a sacrificial altar of Ru.
  9149 | D:8      | Found an ancient bone altar of Kikubaaqudgha.
  9216 | D:8      | Reached XP level 10. HP: 63/63 MP: 16/21
  9644 | D:8      | Reached skill level 5 in Maces & Flails
 10174 | D:9      | Reached skill level 5 in Conjurations
 10307 | D:9      | Noticed a two-headed ogre
 10311 | D:9      | Killed a two-headed ogre
 10721 | D:9      | Noticed a +0 dagger
 10722 | D:9      | Found a hide-covered altar of Uskayaw.
 10722 | D:9      | Noticed a +0 hand axe
 10829 | D:9      | Found Farusin's Magic Scroll Shop.
 10960 | D:10     | Entered Level 10 of the Dungeon
 11064 | D:10     | Reached XP level 11. HP: 49/69 MP: 18/24
 11683 | D:10     | Noticed Sonja
 11690 | D:10     | Killed Sonja
 11899 | D:10     | Found a staircase to the Lair.
 12600 | D:11     | You fall into a shaft and drop 3 floors!
 12612 | D:14     | Noticed a purple ugly thing
 12618 | D:13     | Noticed a two-headed ogre
 12618 | D:13     | Noticed a manticore
 12618 | D:13     | Noticed an orc knight
 12618 | D:13     | Noticed a centaur warrior
 12618 | D:13     | Noticed a cyclops
 12618 | D:13     | Found a gate to the Vaults.
 12620 | D:13     | Noticed a centaur warrior
 12773 | D:12     | Noticed a cyclops
 12852 | D:12     | Noticed a brown ugly thing
 12902 | D:12     | Reached skill level 5 in Stealth
 12990 | D:12     | Noticed a boulder beetle
 13333 | D:11     | Noticed Erica
 13690 | D:4      | Found a runed translucent door.
 13696 | D:4      | Killed Grinder
 13707 | D:4      | Noticed tilp's ghost (amateur MeFi)
 13768 | D:4      | Killed tilp's ghost
 13923 | Lair:1   | Entered Level 1 of the Lair of Beasts
 14143 | Lair:1   | Reached XP level 12. HP: 75/75 MP: 25/25
 14290 | D:10     | Reached skill level 5 in Fighting
 14881 | Lair:1   | Bought a scroll of teleportation for 87 gold pieces
 14881 | Lair:1   | Bought an iridescent rapier for 261 gold pieces
 14881 | Lair:1   | Identified the +2 rapier "Vugietiu" {venom, rCorr Str+4
                  | Dex-4} (You bought it in a shop on level 1 of the Lair of
                  | Beasts)
 15519 | Lair:1   | Reached skill level 10 in Dodging
 15670 | Lair:2   | Found a staircase to the Shoals.
 16207 | Lair:2   | Noticed an eight-headed hydra
 16861 | Lair:2   | Reached skill level 5 in Evocations
 16861 | Lair:2   | Reached XP level 13. HP: 84/88 MP: 20/26
 17154 | Lair:3   | Found a gate leading to a gauntlet.
 17175 | Gauntlet | Entered a Gauntlet
 17175 | Gauntlet | Found a transporter.
 17175 | Gauntlet | Found a transporter.
 17198 | Gauntlet | Found a transporter.
 17206 | Gauntlet | Found a transporter.
 17206 | Gauntlet | Found a transporter.
 17206 | Gauntlet | Found a transporter.
 17209 | Gauntlet | Found a transporter.
 17209 | Gauntlet | Found a transporter.
 17211 | Gauntlet | Noticed a blizzard demon
 17221 | Gauntlet | Found a transporter.
 17236 | Gauntlet | Noticed an entropy weaver
 17239 | Gauntlet | Found a transporter.
 17239 | Gauntlet | Noticed a golden dragon
 17239 | Gauntlet | a golden dragon changed into an iron giant
 17239 | Gauntlet | Noticed an iron giant (glowing shapeshifter)
 17241 | Gauntlet | an iron giant changed into a golden dragon
 17241 | Gauntlet | Noticed a golden dragon (glowing shapeshifter)
 17241 | Gauntlet | an entropy weaver changed into a yaktaur
 17243 | Gauntlet | a golden dragon changed into a shadow dragon
 17243 | Gauntlet | Noticed a shadow dragon (glowing shapeshifter)
 17246 | Gauntlet | Noticed a green death
 17249 | Gauntlet | Found a transporter.
 17250 | Gauntlet | a shadow dragon changed into an iron dragon
 17250 | Gauntlet | Noticed an iron dragon (glowing shapeshifter)
 17251 | Gauntlet | an iron dragon changed into a shadow dragon
 17251 | Gauntlet | Noticed a shadow dragon (glowing shapeshifter)
 17266 | Gauntlet | Found a transporter.
 17277 | Gauntlet | Noticed an acid blob
 17278 | Gauntlet | an acid blob changed into an iron giant
 17278 | Gauntlet | Noticed an iron giant (glowing shapeshifter)
 17282 | Gauntlet | an iron giant changed into a caustic shrike
 17282 | Gauntlet | Noticed a caustic shrike (glowing shapeshifter)
 17286 | Gauntlet | a caustic shrike changed into a golden dragon
 17286 | Gauntlet | Noticed a golden dragon (glowing shapeshifter)
 17368 | Gauntlet | Found a transporter.
 17377 | Gauntlet | Found a transporter.
 17473 | Gauntlet | Paralysed by a hornet for 3 turns
 17524 | Gauntlet | Noticed a dire elephant
 17532 | Gauntlet | a dire elephant changed into an azure jelly
 17532 | Gauntlet | Noticed an azure jelly (glowing shapeshifter)
 17535 | Gauntlet | Noticed a dire elephant
 17538 | Gauntlet | Noticed a sphinx
 17543 | Gauntlet | a sphinx changed into an eleionoma
 17543 | Gauntlet | Noticed an eleionoma (glowing shapeshifter)
 17549 | Gauntlet | Noticed a quicksilver dragon
 17550 | Gauntlet | a quicksilver dragon changed into a dire elephant
 17550 | Gauntlet | Noticed a dire elephant (glowing shapeshifter)
 17553 | Gauntlet | a dire elephant changed into an azure jelly
 17553 | Gauntlet | Noticed an azure jelly (glowing shapeshifter)
 17558 | Gauntlet | an azure jelly changed into a fire giant
 17558 | Gauntlet | Noticed a fire giant (glowing shapeshifter)
 17563 | Gauntlet | a fire giant changed into a dire elephant
 17563 | Gauntlet | Noticed a dire elephant (glowing shapeshifter)
 17565 | Gauntlet | a dire elephant changed into a stone giant
 17565 | Gauntlet | Noticed a stone giant (glowing shapeshifter)
 17566 | Gauntlet | Killed a green death
 17569 | Gauntlet | a stone giant changed into a fire giant
 17569 | Gauntlet | Noticed a fire giant (glowing shapeshifter)
 17571 | Gauntlet | a fire giant changed into an iron dragon
 17571 | Gauntlet | Noticed an iron dragon (glowing shapeshifter)
 17574 | Gauntlet | an iron dragon changed into an acid blob
 17574 | Gauntlet | Noticed an acid blob (glowing shapeshifter)
 17575 | Gauntlet | an acid blob changed into a shadow dragon
 17575 | Gauntlet | Noticed a shadow dragon (glowing shapeshifter)
 17576 | Gauntlet | a shadow dragon changed into an iron troll
 17583 | Gauntlet | an iron troll changed into a fire giant
 17583 | Gauntlet | Noticed a fire giant (glowing shapeshifter)
 17585 | Gauntlet | a fire giant changed into an acid blob
 17585 | Gauntlet | Noticed an acid blob (glowing shapeshifter)
 17587 | Gauntlet | an acid blob changed into a quicksilver dragon
 17587 | Gauntlet | Noticed a quicksilver dragon (glowing shapeshifter)
 17598 | Gauntlet | a quicksilver dragon changed into an alligator snapping
                  | turtle
 17619 | Gauntlet | Noticed a fire giant
 17620 | Gauntlet | a fire giant changed into a stone giant
 17620 | Gauntlet | Noticed a stone giant (glowing shapeshifter)
 17622 | Gauntlet | a stone giant changed into a shadow dragon
 17622 | Gauntlet | Noticed a shadow dragon (glowing shapeshifter)
 17629 | Gauntlet | Identified the +7 sling of Paasm {antimagic, rF+}
 17629 | Gauntlet | Noticed a minotaur
 17644 | Gauntlet | an eight-headed hydra changed into an ettin
 17644 | Gauntlet | Noticed an ettin (glowing shapeshifter)
 18008 | Lair:3   | Learned a level 7 spell: Summon Hydra
 18410 | Lair:3   | Found a hole to the Spider Nest.
 18654 | Lair:3   | Reached skill level 10 in Summonings
 18883 | Lair:3   | Reached skill level 10 in Spellcasting
 19171 | Lair:4   | Found a staircase to the Slime Pits.
 19804 | Lair:4   | Reached XP level 14. HP: 94/94 MP: 28/28
 19848 | Lair:4   | Found a burning altar of Makhleb.
 20090 | Lair:5   | Entered Level 5 of the Lair of Beasts
 20384 | Lair:5   | Found a transporter.
 20390 | Lair:5   | Found a transporter.
 20427 | Lair:5   | Noticed Athor's ghost (journeyman VSEn)
 22846 | D:11     | Found Cythufesh's Distillery.
 22853 | D:11     | Bought a potion of heal wounds for 75 gold pieces
 22981 | D:11     | Killed Erica
 23492 | D:12     | Reached skill level 1 in Shields
 23569 | D:12     | Found a staircase to the Orcish Mines.
 24005 | Orc:1    | Entered Level 1 of the Orcish Mines
 24349 | Orc:2    | Entered Level 2 of the Orcish Mines
 24355 | Orc:2    | Found a staircase to the Elven Halls.
 24373 | Orc:2    | Reached XP level 15. HP: 99/99 MP: 31/31
 24515 | Orc:2    | Found Icwed's Antique Weapon Shoppe.
 24594 | Orc:2    | Noticed Urug
 24605 | Orc:2    | Killed Urug
 24855 | Orc:2    | Found Baquot's Assorted Antiques.
 24855 | Orc:2    | Found Xyd Yqas's Magic Scroll Shop.
 24919 | Orc:2    | Found Etugofui's Book Boutique.
 24919 | Orc:2    | Found Gufogip's Antique Weapon Boutique.
 24954 | Orc:2    | Bought a scroll of blinking for 247 gold pieces
 24954 | Orc:2    | Bought a scroll labelled RISIOH LIGHIG for 33 gold pieces
 24959 | Orc:2    | Bought a scroll of blinking for 90 gold pieces
 24959 | Orc:2    | Bought a scroll of teleportation for 36 gold pieces
 25456 | D:12     | Bought the ring "Fialyel" {rPois Will+} for 456 gold pieces
 26094 | D:13     | Noticed Josephine
 26133 | D:13     | Killed Josephine
 27216 | D:14     | Found a shadowy altar of Dithmenos.
 27827 | D:15     | Entered Level 15 of the Dungeon
 27827 | D:15     | Found a staircase to the Depths.
 28091 | D:15     | Noticed Kirke
 28100 | D:15     | Killed Kirke
 28938 | Shoals:1 | Entered Level 1 of the Shoals
 28986 | Shoals:1 | Reached XP level 16. HP: 96/105 MP: 34/34
 29173 | Shoals:1 | Noticed Frances
 29187 | Shoals:1 | Killed Frances
 29382 | Shoals:1 | Reached skill level 15 in Summonings
 29561 | Shoals:1 | Reached skill level 15 in Spellcasting
 29794 | Shoals:1 | You fall into a shaft and drop 1 floor!
 31832 | Orc:2    | Bought the Omnibus of Forceful Accompaniment for 648 gold
                  | pieces
 31844 | Orc:2    | Learned a level 8 spell: Summon Horrible Things
 32390 | Shoals:3 | Noticed a kraken
 32662 | Shoals:3 | Reached XP level 17. HP: 107/109 MP: 23/37
 33019 | Shoals:3 | Identified the +5 ring mail "Zenaz" {Contam +Blink rF-
                  | Str+5}
 33302 | Shoals:4 | Entered Level 4 of the Shoals
 33616 | Shoals:4 | Noticed a kraken
 33748 | Shoals:4 | Killed a kraken
 34981 | Shoals:4 | Got the Book of Thunder
 35215 | Shoals:4 | Reached skill level 10 in Fighting
 35889 | Shoals:4 | Got a barnacled rune of Zot
 36017 | Spider:1 | Entered Level 1 of the Spider Nest
 36044 | Spider:1 | Reached skill level 1 in Long Blades
 37285 | Spider:1 | Reached skill level 5 in Long Blades
 38398 | Spider:2 | Reached XP level 18. HP: 122/122 MP: 23/38
 40464 | Spider:4 | Entered Level 4 of the Spider Nest
 40723 | Spider:4 | Reached skill level 10 in Long Blades
 41377 | Spider:4 | Learned a level 5 spell: Freezing Cloud
 41444 | Spider:4 | Reached skill level 1 in Air Magic
 41445 | Spider:4 | Noticed Arachne
 41451 | Spider:4 | Noticed Louise
 41454 | Spider:4 | Noticed Mara
 41455 | Abyss:2  | Cast into level 2 of the Abyss (Louise)
 41492 | Abyss:2  | Found a corrupted altar of Lugonu.
 41494 | Abyss:2  | Found a corrupted altar of Lugonu.
 41511 | Spider:4 | Escaped the Abyss
 41531 | Spider:4 | Identified the +2 helmet of the Fife {Drain rF+ Regen+
                  | Str+4 Stlth+}
 41564 | Spider:4 | Killed Arachne
 41688 | Spider:4 | Killed Louise
 41805 | Spider:4 | Got a gossamer rune of Zot
 41830 | Spider:4 | Noticed rlgrobin's illusion
 42231 | Spider:4 | Killed Mara
 42232 | Spider:4 | Reached XP level 19. HP: 127/127 MP: 31/39
 42626 | D:9      | Bought a scroll of teleportation for 42 gold pieces
 42626 | D:9      | Bought a scroll of teleportation for 42 gold pieces
 42626 | D:9      | Bought a scroll of teleportation for 42 gold pieces
 42736 | Vaults:1 | Entered Level 1 of the Vaults
 42856 | Vaults:1 | Reached skill level 5 in Air Magic
 43134 | Vaults:1 | Found Ciuzxiv's Magic Scroll Shoppe.
 43989 | Vaults:1 | Found Niafyu's General Store.
 44157 | Vaults:1 | Found Norok's Armour Emporium.
 44186 | Vaults:1 | Found Urchosiny's Assorted Antiques.
 44193 | Vaults:1 | Bought a potion of curing for 90 gold pieces
 44523 | Vaults:2 | Found Zeixzizuso's Jewellery Shoppe.
 44527 | Vaults:2 | Bought the ring "Kimn" {rN++ Will+ SInv} for 840 gold
                  | pieces
 44538 | Vaults:2 | Found a magical portal.
 44549 | WizLab   | Entered Tukima's Studio
 44622 | WizLab   | Noticed a walking crystal tome
 44760 | WizLab   | Killed a walking crystal tome
 44765 | WizLab   | Noticed rlgrobin's illusion
 45351 | WizLab   | Learned a level 4 spell: Dispel Undead
 45412 | WizLab   | Reached skill level 1 in Necromancy
 45647 | Vaults:2 | Reached XP level 20. HP: 144/144 MP: 33/40
 45844 | Vaults:2 | Found a staircase to the Crypt.
 46058 | Vaults:2 | Reached skill level 5 in Necromancy
 47155 | Vaults:3 | Noticed Saint Roka
 47824 | Vaults:3 | Reached skill level 10 in Necromancy
 47844 | Vaults:3 | Killed Saint Roka
 48664 | Vaults:3 | Noticed Aizul
 48704 | Vaults:3 | Killed Aizul
 48966 | Vaults:3 | Reached XP level 21. HP: 149/149 MP: 16/41
 50449 | Vaults:4 | Found a huge runed gate.
 50449 | Vaults:4 | Found a huge runed gate.
 50449 | Vaults:4 | Found a huge runed gate.
 50449 | Vaults:4 | Found a huge runed gate.
 50449 | Vaults:4 | Found a huge runed gate.
 50449 | Vaults:4 | Found a huge runed gate.
 50449 | Vaults:4 | Found a huge runed gate.
 50450 | Vaults:4 | Found a huge runed gate.
 50450 | Vaults:4 | Found a huge runed gate.
 50450 | Vaults:4 | Found a huge runed gate.
 50454 | Vaults:4 | Found a huge runed gate.
 50454 | Vaults:4 | Found a huge runed gate.
 50454 | Vaults:4 | Found a huge runed gate.
 50454 | Vaults:4 | Found a huge runed gate.
 50454 | Vaults:4 | Found a huge runed gate.
 50454 | Vaults:4 | Found a huge runed gate.
 50455 | Vaults:4 | Found a huge runed gate.
 50456 | Vaults:4 | Found a huge runed gate.
 50457 | Vaults:4 | Found a huge runed gate.
 50465 | Vaults:4 | Found a huge runed gate.
 50465 | Vaults:4 | Found a huge runed gate.
 50465 | Vaults:4 | Found a huge runed gate.
 50465 | Vaults:4 | Found a huge runed gate.
 50465 | Vaults:4 | Found a huge runed gate.
 50465 | Vaults:4 | Found a huge runed gate.
 50466 | Vaults:4 | Found a huge runed gate.
 50467 | Vaults:4 | Found a huge runed gate.
 50468 | Vaults:4 | Found a huge runed gate.
 50476 | Vaults:4 | Found a huge runed gate.
 50476 | Vaults:4 | Found a huge runed gate.
 50476 | Vaults:4 | Found a huge runed gate.
 50476 | Vaults:4 | Found a huge runed gate.
 50476 | Vaults:4 | Found a huge runed gate.
 50476 | Vaults:4 | Found a huge runed gate.
 50477 | Vaults:4 | Found a huge runed gate.
 50591 | Vaults:4 | Found a huge runed gate.
 50991 | Vaults:4 | Found Zouf's Antique Armour Shoppe.
 51255 | Vaults:3 | Bought a potion of heal wounds for 65 gold pieces
 51255 | Vaults:3 | Bought a potion of curing for 39 gold pieces
 51255 | Vaults:3 | Bought a potion of heal wounds for 65 gold pieces
 51255 | Vaults:3 | Bought a potion of haste for 130 gold pieces
 51255 | Vaults:3 | Bought 2 potions of curing for 78 gold pieces
 51255 | Vaults:3 | Bought a potion of magic for 104 gold pieces
 51330 | Crypt:1  | Entered Level 1 of the Crypt
 51353 | Crypt:1  | Noticed Margery
 51793 | Crypt:1  | You fall into a shaft and drop 1 floor!
 52588 | Crypt:2  | Identified a scroll of acquirement
 52597 | Crypt:2  | Acquired 821 gold pieces
 53570 | Crypt:1  | Found an ancient bone altar of Kikubaaqudgha.
 53700 | Crypt:1  | Noticed Vv
 53913 | Crypt:1  | Demolished by Vv

Illustrated notes

Levels and vault maps discovered:
D:1:      nagdon_arrival_double_spiral, layout_basic, serial_shops, shop,
          minmay_tetromino_t4
D:2:      layout_loops_cross, basic_altar, uniq_robin
D:3:      layout_loops_ring, general_overflow_altar,
          nemelex_diamond_rough_becter
D:4:      layout_basic, ebering_ghost_reflecting_pool, uniq_grinder
D:5:      cheibrodos_fertilizer, layout_loops_ring, kennysheep_little_box,
          minmay_temple_entry_wispy, serial_shops, nicolae_stop_n_shop_2,
          uniq_prince_ribbit1
D:6:      layout_basic, evilmike_ruin_ashenzari, hex_large
D:7:      layout_loops_corners, serial_undead, serial_undead_e, serial_undead_c,
          serial_undead_c, serial_undead_d, st_stairs_2, roderic_lattice_a
D:8:      layout_rooms, brannock_xom_greatest_gift,
          mainiacjoe_overflow_divided_tiny
D:9:      layout_irregular_city, dancing_weapons_uskayaw,
          nicolae_inconvenience_store
D:10:     layout_long_grid, lair_entry_dummy, amcnicky_mini_pool_small,
          kennysheep_generic_room_5, uniq_sonja
D:11:     layout_roguey, serial_shops, kennysheep_mini, uniq_erica
D:12:     layout_basic, david_orc_1_choice
D:13:     layout_layer_cave, david_vaults_3, uniq_josephine
D:14:     layout_loops_ring, grunt_dithmenos_shadows
D:15:     grunt_enter_depths_giant_problem, layout_irregular_city, uniq_kirke
Temple:   eino_narrow_crystal_temple
Lair:1:   minmay_lair_venomous_thicket, layout_small_grid,
          infiniplex_staircase_pool_2
Lair:2:   layout_cave_pods, nicolae_shoals_entry_roost, lemuel_fruit_tree
Lair:3:   layout_roguey, dummy_spider_entry, gauntlet_entry_generic,
          serial_bayou_pond_a
Lair:4:   layout_big_grid, nicolae_slime_entry_field_trip, basic_altar
Lair:5:   evilmike_catoblepas_cave, layout_cave_pods, gammafunk_ghost_arena,
          kennysheep_abandoned_house
Shoals:1: layout_shoals, uniq_frances
Shoals:2: layout_shoals
Shoals:3: layout_shoals, nicolae_shoals_hunting_party
Shoals:4: shoals_end_grunt_ice, layout_shoals, nicolae_splish_splash
Spider:1: layout_chambers
Spider:2: layout_cave_pods, drop_trap
Spider:3: layout_spider_delve, worms_lemuel
Spider:4: grunt_spider_rune_island, uniq_arachne, uniq_mara, uniq_louise
Orc:1:    layout_caves
Orc:2:    st_orc_mages, layout_diamond_mine, basic_altar, serial_shops,
          nicolae_square_shop, uniq_urug
Vaults:1: hangedman_vaults_stream, hangedman_vaults_stagger, v_misc_25,
          vaults_dpeg_cross, hangedman_vaults_snaps,
          nicolae_vaults_twisting_passages, hangedman_vaults_nails,
          ontoclasm_vaults_chip, vaults_room_hallway, layout_vaults_omnicross,
          serial_shops, nicolae_shop_statue_plus, shop, nicolae_shop_crystal,
          shop
Vaults:2: infiniplex_enter_wizlab_glasses, v_alt_pattern_6,
          minmay_crypt_entry_simple_sparse, v_alt_pattern_1, v_misc_16,
          vaults_room_fancy_cross, hangedman_vaults_cutoff, v_misc_4,
          grunt_vaults_hallway_short, nicolae_vaults_specimen_jars,
          layout_vaults_chaotic_city, serial_shops, nicolae_square_shop
Vaults:3: nicolae_vaults_arrows, vaults_room_guarded_vault, v_misc_25,
          vaults_mumra_lcd, v_misc_27, v_misc_12, layout_vaults_omnigrid,
          uniq_aizul, uniq_saint_roka
Vaults:4: ontoclasm_vaults_shuriken, not_door_vault_due, vaults_room_boxed,
          nicolae_vaults_angled_halls, nicolae_vaults_rhombus_6,
          nicolae_vaults_ring_of_whatevers, nicolae_vaults_little_ls,
          nicolae_vaults_stairing_the_circle, vaults_standard_mumra_lines,
          vaults_room_corners, v_misc_23, v_alt_pattern_6,
          nicolae_vaults_network_periphery, grunt_vaults_hallway_short,
          vaults_room_hallway, layout_vaults_ring, serial_shops, shop
Crypt:1:  layout_gridlike, basic_altar, lemuel_upstairs_altar,
          grunt_megastairs_3, grunt_crypt_arrival_split, uniq_margery, uniq_vv
Crypt:2:  layout_basic, minmay_misc_feat_ornament, grunt_megastairs_1

Skill      XL: |  1  2  3  4  5  6  7  8  9 10 11 12 13 14 15 16 17 18 19 20 21 |
---------------+----------------------------------------------------------------+-----
Conjurations   | 2 3 6 8 9 |  9.2
Spellcasting   | 4 5 6 7 9 10 12 14 16 17 | 17.6
Summonings     | 2 3 4 5 8 11 13 14 16 17 | 17.8
Dodging        | 5 7 8 11 12 13 | 13.7
Evocations     | 3 5 6 |  6.3
Fighting       | 4 8 10 14 | 14.5
Maces & Flails | 1 5 |  5.1
Stealth        | 6 |  6.9
Shields        | 3 |  3.7
Translocations | 4 |  4.1
Long Blades    | 6 12 | 12.0
Air Magic      | 4 5 |  5.8
Necromancy     | 2 12 13 | 13.0

Action                     |  1- 3 |  4- 6 |  7- 9 | 10-12 | 13-15 | 16-18 | 19-21 || total
---------------------------+-------+-------+-------+-------+-------+-------+-------++-------
  Melee: Dagger            |    40 |    15 |       |       |       |       |       ||    55
         Constrict         |    13 |    18 |    35 |    83 |   131 |   151 |   109 ||   540
         Tentacles         |    10 |    18 |    45 |   171 |   414 |   285 |   373 ||  1316
         Whip              |       |    48 |   188 |   524 |  1179 |   488 |       ||  2427
         Spear             |       |     4 |       |       |       |       |       ||     4
         Punch             |       |       |     3 |     7 |    19 |    20 |    27 ||    76
         Double sword      |       |       |       |       |       |   254 |   870 ||  1124
   Cast: Magic Dart        |    42 |    40 |    51 |    27 |    13 |     4 |       ||   177
         Call Imp          |     5 |    12 |    43 |    51 |    39 |       |     3 ||   153
         Mephitic Cloud    |       |       |     6 |    51 |    36 |       |       ||    93
         Blink             |       |       |     3 |     6 |     8 |       |     2 ||    19
         Summon Hydra      |       |       |       |       |    54 |   215 |   106 ||   375
         Summon Horrible T |       |       |       |       |       |    14 |    28 ||    42
         Freezing Cloud    |       |       |       |       |       |       |     4 ||     4
         Dispel Undead     |       |       |       |       |       |       |    78 ||    78
 Invoke: Call Merchant     |       |       |       |     1 |     2 |     1 |     2 ||     6
  Evoke: Wand              |       |       |     1 |    10 |    16 |       |       ||    27
    Use: Scroll            |       |     2 |    15 |    10 |    11 |    18 |     8 ||    64
         Potion            |       |     1 |       |     4 |     2 |     6 |       ||    13
   Stab: Sleeping          |     4 |     5 |     5 |     5 |    21 |     7 |     8 ||    55
         Distracted        |       |       |     3 |     6 |    20 |    20 |    21 ||    70
         Confused          |       |       |     1 |    49 |    33 |       |       ||    83
 Armour: Skin              |     5 |     5 |    17 |    13 |    72 |    92 |    69 ||   273
  Dodge: Dodged            |    41 |    36 |   136 |   393 |  1079 |  1489 |  1062 ||  4236
  Block: Buckler           |       |       |       |       |   130 |   486 |   340 ||   956

Table legend: (Time is in decaauts)
 A = Elapsed time spent in this place.
 B = Non-inter-level travel time spent in this place.
 C = Inter-level travel time spent in this place.
 D = Time resting spent in this place.
 E = Time spent auto-exploring this place.
 F = Levels seen in this place.
 G = Mean time per level.
                   A        B        C        D        E       F      G
               +--------+--------+--------+--------+--------+-----+--------+
         Total |  53699 |  50430 |   3269 |   8809 |  27250 |  41 | 1309.7 |
       Dungeon |  19255 |  17672 |   1583 |   3116 |  10369 |  15 | 1283.7 |
        Temple |    222 |    196 |     26 |      0 |    188 |   1 |  222.0 |
          Lair |   8010 |   7334 |    676 |   1357 |   3360 |   5 | 1602.0 |
        Shoals |   6611 |   6397 |    214 |   1203 |   3331 |   4 | 1652.8 |
   Spider Nest |   6404 |   6213 |    191 |    986 |   3665 |   4 | 1601.0 |
  Orcish Mines |   1532 |   1392 |    140 |     91 |    776 |   2 |  766.0 |
        Vaults |   7654 |   7372 |    282 |    775 |   4453 |   4 | 1913.5 |
         Crypt |   2581 |   2426 |    155 |    873 |   1028 |   2 | 1290.5 |
         Abyss |     56 |     56 |      0 |      0 |      0 |   2 |   28.0 |
        Wizlab |    893 |    893 |      0 |    378 |      0 |   1 |  893.0 |
      Gauntlet |    478 |    478 |      0 |     29 |     80 |   1 |  478.0 |
               +--------+--------+--------+--------+--------+-----+--------+

Top non-repeatable levels by time:
Shoals:4: 2585 daAuts
  Lair:5: 2329 daAuts
Vaults:3: 2238 daAuts
    D:10: 2043 daAuts
 Crypt:2: 2021 daAuts
     D:5: 1953 daAuts
     D:7: 1924 daAuts
Vaults:4: 1861 daAuts
Spider:4: 1840 daAuts
Vaults:2: 1806 daAuts
Spider:1: 1779 daAuts
Vaults:1: 1748 daAuts
  Lair:2: 1721 daAuts
     D:4: 1576 daAuts
  Lair:1: 1460 daAuts
